 Dungeon Crawl Stone Soup version 0.23-a0-639-ga9a3373 (webtiles) character file.

48 Azzok the Digger (level 3, -4/28 HPs)
             Began as a Deep Dwarf Earth Elementalist on Dec 29, 2018.
             Slain by a centaur (6 damage)
             ... on level 2 of the Dungeon.
             The game lasted 00:02:43 (1501 turns).

Azzok the Digger (Deep Dwarf Earth Elementalist)    Turns: 1501, Time: 00:02:43

Health: -4/28      AC:  3    Str: 11    XL:     3   Next: 50%
Magic:  0/6        EV: 12    Int: 16    God:
Gold:   46         SH:  0    Dex: 13    Spells: 3/7 levels left

rFire    . . .     SeeInvis .   (no weapon)
rCold    . . .     Gourm    .   (no shield)
rNeg     . . .     Faith    .   c - +0 robe
rPois    .         Spirit   .   e - +0 helmet
rElec    .         Reflect  .   (no cloak)
rCorr    .         Harm     .   (no gloves)
MR       .....                  (no boots)
Stlth    ++........             (no amulet)
HPRegen  0.00/turn              (no ring)
MPRegen  0.10/turn              (no ring)

@: non-regenerating
A: damage resistance, heal wounds, sense surroundings 1, no regeneration
a: Heal Wounds


You were on level 2 of the Dungeon.
You were very hungry.

You visited 1 branch of the dungeon, and saw 2 of its levels.

You collected 46 gold pieces.

Inventory:

Armour
 c - a +0 robe (worn)
 e - a +0 helmet (worn)
Scrolls
 a - a scroll of remove curse
 f - a scroll of identify
Potions
 b - a potion of brilliance {unknown}
 g - a potion of haste
 i - a potion of ambrosia {unknown}
Comestibles
 d - 2 rations


   Skills:
 - Level 2.1 Dodging
 - Level 2.4 Stealth
 + Level 2.6 Spellcasting
   Level 0.8 Transmutations
 + Level 5.1 Earth Magic


You had 3 spell levels left.
You knew the following spells:

 Your Spells              Type           Power        Failure   Level  Hunger
a - Sandblast             Erth           ###...       2%          1    #......
b - Stone Arrow           Conj/Erth      ##....       21%         3    ###....

Your spell library contained the following spells:

 Spells                   Type           Power        Failure   Level  Hunger
 Passwall                 Tmut/Erth      ##......     9%          2    ##.....
 Petrify                  Tmut/Erth      ##......     50%         4    #####..
 Lee's Rapid Deconstruct  Erth           ###.......   54%         5    ######.


Dungeon Overview and Level Annotations

Branches:
Dungeon (2/15)

Altars:
Wu Jian

Annotations:
D:2 Sigmund


Innate Abilities, Weirdness & Mutations

You are resistant to damage.
You can heal yourself by infusing magical energy.
You passively map a small area around you.
You do not regenerate.


Message History

Press: ? - help, Shift-Dir - straight line, f/p - centaur
Aim: a centaur You don't have any stones to cast with.
Casting: Sandblast (safe; 2% risk of failure)
Confirm with . or Enter, or press ? or * to list all spells.
Aiming: Stone Arrow (safe; 21% risk of failure)
Press: ? - help, Shift-Dir - straight line, f/p - centaur
Aim: a centaur The stone arrow misses the centaur.
The centaur hits you!
* * * LOW HITPOINT WARNING * * *
Casting: Stone Arrow (safe; 21% risk of failure)
Confirm with . or Enter, or press ? or * to list all spells.
Aiming: Stone Arrow (safe; 21% risk of failure)
Press: ? - help, Shift-Dir - straight line, f/p - centaur
Aim: a centaur The stone arrow hits the centaur.
The centaur is moderately wounded.
* * * LOW MAGIC WARNING * * *
The centaur closely misses you. The centaur hits you!
You die...

▒·
▒··········· ▒
▒·
▒▒▒··▒▒▒▒▒▒▒··
▒·▒▒·░ ▒····▒
▒··
▒····▒▒▒▒·▒··▒
▒··
▒·········▒
▒··
▒▒·▒▒▒·▒··▒
▒·▒ ▒·▒ ▒····▒
▒·▒ ▒(▒ ▒▒▒▒·▒
░ ▒@▒ ···· ◦
▒·c··▒░ ▒▒·▒
▒▒▒▒▒▒ ░·▒ ░ ░
◦


You could see a centaur.

Vanquished Creatures
  An adder (D:2)
  A dart slug (D:1)
  3 bats
  2 giant cockroaches
  5 goblins
  2 hobgoblins
  7 jackals
  A kobold (D:2)
  2 ball pythons
  4 frilled lizards
  4 rats
32 creatures vanquished.

Notes
Turn   | Place    | Note
-------+----------+-------------------------------------------
     0 | D:1      | Azzok the Deep Dwarf Earth Elementalist began the quest for
                  | the Orb.
     0 | D:1      | Reached XP level 1. HP: 15/15 MP: 3/3
   311 | D:1      | Reached XP level 2. HP: 22/22 MP: 1/5
   890 | D:2      | Reached XP level 3. HP: 19/28 MP: 2/6
   942 | D:2      | Found an ornate altar of the Wu Jian Council.
   949 | D:2      | Learned a level 3 spell: Stone Arrow
  1058 | D:2      | Reached skill level 5 in Earth Magic
  1273 | D:2      | Noticed Sigmund
  1496 | D:2      | Noticed a centaur
  1501 | D:2      | Slain by a centaur

Vault maps used:
D:1:      dpeg_arrival_tiny_i
D:2:      nicolae_overflow_crystal_walls, uniq_sigmund

Skill      XL: |  1  2  3 |
---------------+----------+-----
Spellcasting   | 2 |  2.6
Earth Magic    | 5 |  5.1
Dodging        | |  2.1
Stealth        | |  2.4
Transmutations | |  0.8

Action                   || total
-------------------------++-------
Melee: Unarmed           ||    40
 Cast: Sandblast         ||    32
       Stone Arrow       ||    10
  Use: Scroll            ||     3
  Eat: Chunk             ||     2
Armor: Robe              ||    24
Dodge: Dodged            ||    84

Table legend:
 A = Non-vault XP
 B = Vault XP
 C = Vault XP percentage of total XP
 D = Non-vault monster count
 E = Vault monster count
 F = Vault count percentage of total count
                 A         B        C        D         E       F
            +---------+---------+-------+---------+---------+-------
      Total |      69 |       0 |   0.0 |      32 |       0 |   0.0
            +---------+---------+-------+---------+---------+-------
        D:1 |      38 |       0 |   0.0 |      21 |       0 |   0.0
        D:2 |      31 |       0 |   0.0 |      11 |       0 |   0.0
            +---------+---------+-------+---------+---------+-------
